 Dungeon Crawl Stone Soup version 0.27-a0-597-g524d869a0f (webtiles) character file.

Game seed: 9513147750809894351

5 sahdkjhfkaj the Grasshopper (level 1, -1/17 HPs)
             Began as a Barachi Warper on Mar 12, 2021.
             Slain by a hobgoblin (4 damage)
             ... on level 1 of the Dungeon.
             The game lasted 00:00:15 (101 turns).

sahdkjhfkaj the Grasshopper (Barachi Warper)         Turns: 101, Time: 00:00:16

Health: -1/17      AC:  3    Str: 12    XL:     1   Next: 80%
Magic:  3/3        EV: 11    Int: 13    God:
Gold:   0          SH:  0    Dex: 11    Spells: 4/4 levels left

rFire    . . .     SeeInvis .   a - +0 falchion
rCold    . . .     Faith    .   (no shield)
rNeg     . . .     Spirit   .   b - +0 leather armour
rPois    .         Reflect  .   (no helmet)
rElec    .         Harm     .   (no cloak)
rCorr    .         Rampage  .   (no gloves)
Will     .....                  (no boots)
Stlth    +.........             (no amulet)
HPRegen  0.05/turn              (no ring)
MPRegen  0.08/turn              (no ring)

@: slow
A: +LOS, amphibious, slowness 1, strong legs 1
a: Hop


You were on level 1 of the Dungeon.
You visited 1 branch of the dungeon, and saw 1 of its levels.

Inventory:

Hand Weapons
 a - a +0 falchion (weapon)
Missiles
 e - 5 boomerangs of dispersal (quivered)
Armour
 b - a +0 leather armour (worn)
Scrolls
 c - a scroll of enchant armour {unknown}
 d - a scroll of blinking
Potions
 f - 2 potions of degeneration {unknown}


   Skills:
 + Level 2.6 Fighting
 - Level 3.0 Long Blades
 - Level 1.0 Throwing
 - Level 1.2 Armour
 - Level 2.1 Dodging
 - Level 2.1 Spellcasting
 - Level 3.2 Translocations


You had 4 spell levels left.
You didn't know any spells.
Your spell library contained the following spells:

 Spells                   Type           Power      Damage    Failure   Level
 Blink                    Tloc           N/A        N/A       12%         2
 Gell's Gravitas          Tloc           4%         N/A       24%         3
 Lesser Beckoning         Tloc           4%         N/A       24%         3
 Teleport Other           Tloc           9%         N/A       24%         3
 Manifold Assault         Tloc           9%         N/A       63%         4


Dungeon Overview and Level Annotations

Branches:
Dungeon (1/15)

Altars:


Innate Abilities, Weirdness & Mutations

You can be seen from farther away. (+LOS)
You are amphibious.
You cover ground slowly.
You can hop short distances.


Message History

You closely miss the bat. The bat closely misses you.
The hobgoblin barely misses you.
You barely miss the hobgoblin. The bat hits you. The hobgoblin hits you.
* * * LOW HITPOINT WARNING * * *
You are too injured to fight recklessly!
You are too injured to fight recklessly!
You are too injured to fight recklessly!
You are too injured to fight recklessly!
You are too injured to fight recklessly!
You are too injured to fight recklessly!
You are too injured to fight recklessly!
You are too injured to fight recklessly!
You are too injured to fight recklessly!
You are too injured to fight recklessly!
You are too injured to fight recklessly!
You are too injured to fight recklessly!
You are too injured to fight recklessly!
You are too injured to fight recklessly!
You are too injured to fight recklessly!
You are too injured to fight recklessly!
You are too injured to fight recklessly!
You closely miss the hobgoblin. The bat hits you but does no damage.
The hobgoblin barely misses you.
You riposte.
You closely miss the hobgoblin. You closely miss the hobgoblin.
The bat hits you but does no damage.
The hobgoblin hits you but does no damage.
Unknown command.
You barely miss the hobgoblin. The bat misses you.
You riposte.
You miss the bat. The hobgoblin closely misses you.
You riposte.
You hit the hobgoblin but do no damage. The bat misses you.
You riposte.
You slash the bat!
You kill the bat!
The hobgoblin hits you but does no damage.
Training target 3.0 for Long Blades reached!
Your Long Blades skill increases to level 3!
You need to enable at least one skill for training.
You closely miss the hobgoblin. The hobgoblin hits you.
* * * LOW HITPOINT WARNING * * *
You closely miss the hobgoblin. The hobgoblin closely misses you.
You barely miss the hobgoblin. The hobgoblin hits you.
You die...

≈≈≈≈≈≈≈≈≈≈#
≈≈...≈≈≈≈≈#
≈..<..≈≈≈≈# .. ##
≈≈...≈≈≈≈≈###+.# .. #
≈≈≈≈≈≈≈≈≈≈##...# .##
#.# ≈≈≈≈≈≈≈≈≈≈#....#
?$ ..
≈≈≈≈≈≈≈≈≈≈#....##.##.#
≈≈≈≈≈≈≈≈≈≈#..........#
≈≈≈≈≈≈≈≈≈≈#.....@g+
≈≈≈≈≈≈≈≈≈≈#.......#
≈≈≈≈≈≈≈≈≈≈#......##
≈≈≈≈≈≈≈≈≈≈#.....##
≈≈≈≈≈≈≈≈≈≈##...##
≈≈≈≈≈≈≈≈≈≈###'##
≈≈≈≈≈≈≈≈≈≈# #.#
..........# #.#
⌠⌠⌠>⌠⌠⌠.8.###.##


You could see a hobgoblin.

Vanquished Creatures
  A giant cockroach (D:1)
  A goblin (D:1)
  2 bats (D:1)
  A rat (D:1)
5 creatures vanquished.

Notes
Turn   | Place    | Note
-------+----------+-------------------------------------------
     0 | D:1      | sahdkjhfkaj the Barachi Warper began the quest for the Orb.
     0 | D:1      | Reached XP level 1. HP: 17/17 MP: 3/3
   101 | D:1      | Slain by a hobgoblin

Illustrated notes

Levels and vault maps discovered:
D:1:      zaba_arrival_water, layout_loops_corners, minmay_split_cup_small

Skill      XL: |  1 |
---------------+----+-----
Long Blades    | 3 |  3.0
Fighting       | |  2.6
Throwing       | |  1.0
Armour         | |  1.2
Dodging        | |  2.1
Spellcasting   | |  2.1
Translocations | |  3.2

Action                   || total
-------------------------++-------
Melee: Falchion          ||    20
Armor: Leather armour    ||    17
Dodge: Dodged            ||    23
       Rpst.: Falchion   ||     8

Table legend: (Time is in decaauts)
 A = Elapsed time spent in this place.
 B = Non-inter-level travel time spent in this place.
 C = Inter-level travel time spent in this place.
 D = Time resting spent in this place.
 E = Time spent auto-exploring this place.
 F = Levels seen in this place.
 G = Mean time per level.
                   A        B        C        D        E       F      G
               +--------+--------+--------+--------+--------+-----+--------+
         Total |    116 |    116 |      0 |      0 |     79 |   1 |  116.0 |
       Dungeon |    116 |    116 |      0 |      0 |     79 |   1 |  116.0 |
               +--------+--------+--------+--------+--------+-----+--------+

Top non-repeatable levels by time:
     D:1: 116 daAuts
